 Dungeon Crawl Stone Soup version 0.27.1-33-g824d729ab1 (webtiles) character file.

Game seed: 10006786517914385103

90706 zeram the Peltast (level 16, -12/98 HPs)
             Began as a Gargoyle Fighter on Dec 16, 2021.
             Was an Initiate of Gozag.
             Mangled by a spriggan rider (16 damage)
             ... on level 1 of the Swamp.
             The game lasted 01:10:45 (29812 turns).

zeram the Peltast (Gargoyle Fighter)               Turns: 29812, Time: 01:10:45

Health: -12/98     AC: 34    Str: 26    XL:     16   Next: 1%
Magic:  16/16      EV: 14    Int: 10    God:    Gozag
Gold:   3464       SH: 28    Dex:  9    Spells: 15/15 levels left

rFire    . . .     SeeInvis +   R - +8 trident of the Octopus King {venom, rElec rPois Will+}
rCold    . . .     Faith    .   k - +1 tower shield {AC+3}
rNeg     + + .     Spirit   .   E - +0 pearl dragon scales
rPois    ∞         Reflect  +   G - +1 hat {Will+}
rElec    +         Harm     .   (no cloak)
rCorr    .         Rampage  .   d - +2 pair of gloves
Will     +++..                  (no boots)
Stlth    ..........             r - amulet of reflection
HPRegen  0.26/turn              i - +4 ring of evasion
MPRegen  0.15/turn              o - ring of see invisible

@: mighty, flying
A: sickness immunity, AC +12, big wings, negative energy resistance 1,
electricity resistance, torment resistance 1, petrification resistance, sense
surroundings 1, noise suppression
a: Renounce Religion, Potion Petition, Call Merchant, Bribe Branch


You were on level 1 of the Swamp.
You worshipped Gozag.
Gozag was most pleased with you.
You visited 6 branches of the dungeon, and saw 23 of its levels.
You also visited: Ossuary.

You collected 7627 gold pieces.
You spent 4081 gold pieces at shops.
You paid 82 gold pieces to Gozag.

Inventory:

Hand Weapons
 e - a +4 dagger of venom
 z - the +4 falchion "Embalmer" {vamp, Contam rElec rF+ rC++}
   (You found it on level 11 of the Dungeon)

   It occasionally heals its wielder for a portion of the damage dealt when it
   wounds a living foe.
   rF:        It protects you from fire.
   rC:        It greatly protects you from cold.
   rElec:     It insulates you from electricity.
   Contam:    It causes magical contamination when unequipped.
 N - a +3 demon trident
 R - the +8 trident of the Octopus King (weapon) {venom, rElec rPois Will+}
   (You found it on level 6 of the Lair of Beasts)

   It poisons the flesh of those it strikes.
   rElec:     It insulates you from electricity.
   rPois:     It protects you from poison.
   Will:      It increases your willpower.
Missiles
 x - a throwing net (quivered)
Armour
 c - a +1 kite shield
 d - a +2 pair of gloves (worn)
 k - a +1 tower shield of protection (worn)
 E - +0 pearl dragon scales (worn)
 F - the +1 plate armour of Sogras {MP+9 Dex+6}
   (You bought it in a shop on level 2 of the Orcish Mines)

   Dex:       It affects your dexterity (+6).
   MP:        It affects your magic capacity (+9).
 G - a +1 hat of willpower (worn)
 Y - a +0 pair of gloves
Jewellery
 h - a ring of protection from fire
 i - a +4 ring of evasion (left hand)
 n - a ring of protection from cold
 o - a ring of see invisible (right hand)
 r - an amulet of reflection (around neck)
 t - a ring of willpower
 u - a +6 ring of strength
 y - a +4 ring of evasion
 A - a ring of protection from fire
 B - a ring of resist corrosion
 L - a +6 ring of strength
 S - a ring of willpower
 T - a ring of fire
 U - a ring of ice
 W - a +6 ring of strength
Wands
 l - a wand of flame (88)
 s - a wand of polymorph (10)
 v - a wand of paralysis (20)
 C - a wand of iceblast (22)
 H - a wand of mindburst (11)
 J - a wand of acid (2)
 M - a wand of digging (7)
 X - a wand of charming (12)
Scrolls
 a - 5 scrolls of identify
 m - 3 scrolls of fog
 p - a scroll of enchant weapon
 w - 3 scrolls of amnesia
 D - a scroll of torment
 I - a scroll of magic mapping
Potions
 g - 7 potions of mutation
 j - a potion of resistance
 q - 2 potions of lignification
 K - a potion of magic
 Q - a potion of brilliance
 Z - 2 potions of cancellation


   Skills:
 + Level 10.4 Fighting
 - Level 9.3 Short Blades
 - Level 2.0 Maces & Flails
 * Level 10.4 Polearms
 + Level 11.7 Armour
 + Level 6.8 Dodging
 + Level 18.6 Shields


You had 15 spell levels left.
You didn't know any spells.
Your spell library contained the following spells:

 Spells                   Type           Power      Damage    Failure   Level
 Foxfire                  Conj/Fire      0%         2x1d4     88%         1
 Magic Dart               Conj           0%         1d3       88%         1
 Call Imp                 Summ           0%         N/A       96%         2
 Searing Ray              Conj           0%         3d3       96%         2
 Slow                     Hex            0%         N/A       96%         2
 Confusing Touch          Hex            0%         N/A       99%         3
 Conjure Flame            Conj/Fire      0%         6-21      99%         3
 Ignite Poison            Fire/Tmut/Pois 0%         N/A       99%         3
 Inner Flame              Hex/Fire       0%         N/A       99%         3
 Mephitic Cloud           Conj/Pois/Air  0%         N/A       99%         3
 Fulminant Prism          Conj/Hex       0%         3d6       100%        4
 Sticky Flame             Conj/Fire      0%         2d3       100%        4
 Bolt of Magma            Conj/Fire/Erth 0%         4d4       100%        5
 Yara's Violent Unravell  Hex/Tmut       0%         3d3       100%        5


Dungeon Overview and Level Annotations

Branches:
Dungeon (11/15)            Temple (1/1) D:6            Lair (6/6) D:9
  Swamp (1/4) Lair:3       Spider (0/4) Lair:3        Slime (0/5) Lair:6
    Orc (2/2) D:11            Elf (2/3) Orc:2       Ossuary (visited)

Altars:
Ashenzari
Cheibriados
Dithmenos
Elyvilon
Fedhas
Gozag
Hepliaklqana
Kikubaaqudgha
Makhleb
Nemelex Xobeh
Okawaru
Qazlal
Ru
Sif Muna
Trog
Uskayaw
Vehumet
Wu Jian
Xom
Yredelemnul
Zin
The Shining One

Shops:
D:5 *=   D:7 [   Orc:1 *   Orc:2 **[=(   Elf:1 *

Annotations:
Lair:6 exclusion: oklob plant


Innate Abilities, Weirdness & Mutations

You are immune to sickness and miasma.
Your stone body is resilient. (AC +12)
You are immune to poison.
Your large and strong wings let you fly.
You resist negative energy. (rN+)
You are resistant to electric shocks. (rElec)
You are resistant to unholy torment.
You are immune to petrification.
You passively map a small area around you.
You passively dampen the noise of your surroundings.


Message History

The goliath frog no longer looks unusually strong.
You are no longer corroded.
You block the goliath frog's attack.
The six-headed hydra no longer looks unusually strong.
The spriggan rider hits you but does no damage.
You block the spriggan rider's attack. You block the goliath frog's attack.
You block the spriggan rider's attack. You block the spriggan rider's attack.
You block the six-headed hydra's attack.
The six-headed hydra bites you but does no damage.
You block the six-headed hydra's attack.
The six-headed hydra misses you.
The six-headed hydra completely misses you.
The six-headed hydra misses you. You block the goliath frog's attack.
The six-headed hydra bites you but does no damage.
You block the six-headed hydra's attack.
The six-headed hydra barely misses you.
You block the six-headed hydra's attack. x3
The spriggan rider hits you but does no damage.
You block the goliath frog's attack. The spriggan hits you with a +0 dagger.
* * * LOW HITPOINT WARNING * * *
You block the six-headed hydra's attack.
The six-headed hydra barely misses you.
The six-headed hydra bites you but does no damage.
You block the six-headed hydra's attack. x2
The six-headed hydra bites you but does no damage.
You block the spriggan rider's attack. You block the goliath frog's attack.
You block the spriggan rider's attack.
You block the six-headed hydra's attack.
The six-headed hydra bites you!
* * * LOW HITPOINT WARNING * * *
You block the six-headed hydra's attack. x3
The six-headed hydra bites you but does no damage.
The spriggan rider hits you from afar with a +0 spear!
You die...
Your body crumbles into a pile of gold.

,≈≈≈≈≈≈≈≈..≈..≈ ,
≈≈≈≈§..≈.... , , **
≈..≈≈≈≈≈.♣ *♣♣.≈≈≈≈≈≈≈.
♣♣♣ ♣...≈≈≈≈≈≈.
♣♣≈♣♣♣♣♣..<≈≈≈≈≈≈.
♣§.....♣...≈≈≈≈≈≈.
♣...≈≈..♣.≈≈≈≈≈≈≈(
♣♣>...≈@.♣.≈≈≈≈≈≈..
♣...≈≈≈D...≈≈≈≈≈..♣≈♣♣♣♣
♣...≈F≈i≈≈≈≈≈≈≈..≈.≈≈♣≈≈
♣≈≈i.≈..≈≈≈§....♣≈.§.≈).
♣♣.≈≈.....≈≈≈.≈≈≈.♣.≈≈♣≈.
♣..≈......≈≈.....♣♣...≈♣.
♣♣...≈.....≈≈≈≈..♣♣..♣♣..
♣......≈≈≈≈≈≈≈≈≈≈≈.≈≈..≈
♣♣≈≈...≈≈≈≈≈≈≈≈≈≈.≈.≈§≈.≈


You could see a six-headed hydra, a spriggan rider, a goliath frog and a
spriggan.

Vanquished Creatures
  Gastronok (Lair:3)
  2 orc warlords
  A deep elf sorcerer (Elf:1)
  Snorg (D:11)
  A deep elf death mage (Elf:1)
  The ghost of FrogKing the Severer, a journeyman MiBe of Trog (D:11)
  Harold (D:9)
  Fannar (D:11)
  The ghost of DemonSlayer the Cleaver, a journeyman DsBe of Trog (D:11)
  3 hydras
  A merfolk avatar (Lair:6)
  An alligator (Swamp:1)
  5 death yaks
  3 two-headed ogres
  Urug (Lair:6)
  6 orc high priests (Orc:2)
  4 deep elf knights (Elf:1)
  A sea snake (Lair:5)
  The ghost of Flarelocke the Thaumaturge, a novice DECj of Vehumet (D:10)
  3 deep elf archers (Elf:1)
  A spriggan druid (Swamp:1)
  11 deep elf pyromancers
  A wizard (Elf:1)
  Pikel (D:9)
  7 orc knights
  An oklob plant (Lair:6)
  10 deep elf zephyrmancers
  2 cyclopes
  2 manticores
  8 orc sorcerers
  The ghost of zeram the Covert, a novice OpBr (D:5)
  3 black mambas
  14 elephants
  A torpor snail (Lair:5)
  8 cane toads
  2 unseen horrors (D:11)
  5 rime drakes
  A tengu conjurer (Elf:1)
  A komodo dragon (Lair:2)
  7 polar bears
  A tyrant leech (Lair:3)
  22 blink frogs
  3 hornets
  4 trolls
  2 wind drakes (Lair:6)
  11 dream sheep
  2 air elementals (Elf:1)
  A centaur simulacrum (D:10)
  A spriggan (Swamp:1)
  A vampire (D:10)
  39 yaks
  4 basilisks
  A water elemental (Elf:1)
  3 wyverns
  A fire elemental (Elf:1)
  2 vampire mosquitoes (Lair:3)
  A wraith (D:10)
  A steam dragon (D:7)
  6 swamp worms
  4 wargs
  An acid dragon (D:11)
  11 water moccasins
  A hornet zombie (D:6)
  43 orc warriors
  4 sky beasts
  3 ice beasts
  3 swamp drakes
  2 black bears
  A boggart (Elf:1)
  24 wolves
  2 necrophages
  5 ogres
  4 lemures
  11 centaurs
  A kobold brigand (D:8)
  2 scorpions (D:5)
  8 bullfrogs
  A wyvern zombie (D:6)
  9 killer bees
  7 howler monkeys
  2 electric eels (Lair:3)
  A bullfrog zombie (D:6)
  3 centaur zombies
  A crimson imp (D:11)
  7 hounds
  19 orc priests
  A centaur skeleton (D:4)
  2 iguanas (D:5)
  An iron imp (D:11)
  25 orc wizards
  4 mummies
  10 adders
  3 gnolls (D:5)
  5 white imps
  3 ufetubi
  3 adder zombies (Ossuary)
  2 worms (D:3)
  2 dart slugs
  92 orcs
  5 ball pythons
  5 endoplasms
  4 giant cockroaches
  7 goblins
  6 hobgoblins
  4 jackals (D:2)
  10 kobolds
  5 quokkas
  6 bats (D:2)
  A frilled lizard (D:1)
  A goblin zombie (Ossuary)
  3 hobgoblin zombies (Ossuary)
  5 kobold zombies (Ossuary)
  3 quokka zombies (Ossuary)
  5 rats
  3 rat zombies (Ossuary)
638 creatures vanquished.

Vanquished Creatures (others)
  3 dancing weapons (Elf:1)
  2 deep elf pyromancers (Elf:1)
  A manticore (Lair:6)
  A shadow imp (D:11)
  An orc (D:11)
  A bush (Lair:5)
  35 fungi
  21 plants
65 creatures vanquished.

Grand Total: 703 creatures vanquished

Notes
Turn   | Place    | Note
-------+----------+-------------------------------------------
     0 | D:1      | zeram the Gargoyle Fighter began the quest for the Orb.
     0 | D:1      | Reached XP level 1. HP: 14/14 MP: 1/1
   196 | D:1      | You fall into a shaft and drop 1 floor!
   292 | D:2      | Reached XP level 2. HP: 18/20 MP: 2/2
   406 | D:2      | Reached XP level 3. HP: 19/24 MP: 3/3
   734 | D:2      | Reached skill level 1 in Short Blades
   734 | D:2      | Reached XP level 4. HP: 27/29 MP: 4/4
  1243 | D:3      | Found a faded altar of an unknown god.
  1563 | D:3      | Found a radiant altar of Vehumet.
  1564 | D:3      | Found a blossoming altar of Fedhas.
  1566 | D:3      | Found a shimmering altar of Xom.
  1568 | D:3      | Found a sacrificial altar of Ru.
  1568 | D:3      | Found a burning altar of Makhleb.
  1635 | D:3      | Reached skill level 4 in Shields
  1887 | D:4      | Noticed a necrophage
  1905 | D:4      | Killed a necrophage
  1906 | D:4      | Reached XP level 5. HP: 18/33 MP: 5/5
  2122 | D:4      | Reached skill level 1 in Dodging
  2280 | D:4      | Reached XP level 6. HP: 36/38 MP: 6/6
  2285 | D:4      | Identified the +0 ring mail "Nuedweg" {rC- Dex+6}
  2448 | D:5      | Entered Level 5 of the Dungeon
  2859 | D:5      | Found a runed translucent door.
  2859 | D:5      | Noticed zeram's ghost (novice OpBr)
  2869 | D:5      | Reached skill level 5 in Armour
  3189 | D:5      | Reached XP level 7. HP: 16/44 MP: 7/7
  3484 | D:5      | Found Osukiysm's Lightly-Used Armoury.
  3565 | D:5      | Reached skill level 5 in Shields
  3863 | D:5      | Found Viakynax's Jewellery Shop.
  3869 | D:5      | Bought a ring of see invisible for 150 gold pieces
  4159 | D:5      | Killed zeram's ghost
  4160 | D:5      | Reached skill level 5 in Fighting
  4160 | D:5      | Reached XP level 8. HP: 43/49 MP: 8/8
  4194 | D:5      | Identified a scroll of acquirement
  4194 | D:5      | Acquired 1070 gold pieces
  4237 | D:5      | Bought a +4 ring of evasion for 360 gold pieces
  4237 | D:5      | Bought an amulet of reflection for 300 gold pieces
  4300 | D:6      | Found a bloodstained altar of Trog.
  4330 | D:6      | Found a staircase to the Ecumenical Temple.
  4408 | Temple   | Entered the Ecumenical Temple
  4562 | Temple   | Became a worshipper of Gozag Ym Sagoz the Greedy
  4797 | D:6      | Gained mutation: Your muscles are strong. (Str +2) [potion
                  | of mutation]
  4797 | D:6      | Lost mutation: Your muscles are strong. (Str +2) [potion of
                  | mutation]
  4797 | D:6      | Gained mutation: You passively map a small area around you.
                  | [potion of mutation]
  4797 | D:6      | Gained mutation: You passively dampen the noise of your
                  | surroundings. [potion of mutation]
  4802 | D:6      | Reached skill level 6 in Shields
  4917 | D:6      | Found a sand-covered staircase.
  4923 | Ossuary  | Entered an ossuary
  6024 | D:7      | You fall into a shaft and drop 3 floors!
  6024 | D:10     | Entered Level 10 of the Dungeon
  6024 | D:10     | Noticed a yak
  6024 | D:10     | Noticed a yak
  6024 | D:10     | Noticed a yak
  6024 | D:10     | Noticed a yak
  6024 | D:10     | Noticed a yak
  6024 | D:10     | Noticed a yak
  6024 | D:10     | Noticed a two-headed ogre
  6039 | D:10     | Killed a yak
  6040 | D:10     | Reached skill level 5 in Short Blades
  6055 | D:10     | Killed a yak
  6056 | D:10     | Reached XP level 9. HP: 32/54 MP: 9/9
  6232 | D:9      | Noticed Pikel
  6280 | D:8      | Reached skill level 7 in Shields
  7464 | D:9      | Reached skill level 8 in Shields
  7580 | D:9      | Noticed a death yak
  7612 | D:9      | Killed a death yak
  7613 | D:9      | Reached XP level 10. HP: 25/61 MP: 10/10
  7655 | D:9      | Reached skill level 9 in Shields
  8051 | D:9      | Killed Pikel
  8185 | D:9      | Noticed a death yak
  8186 | D:9      | Noticed a death yak
  8186 | D:9      | Noticed a death yak
  8187 | D:9      | Found a staircase to the Lair.
  8191 | D:9      | Noticed a death yak
  8507 | D:9      | Killed a death yak
  8931 | D:7      | Killed a death yak
  8932 | D:7      | Reached skill level 10 in Shields
  9316 | D:7      | Found Hamn's Armour Shop.
  9626 | D:9      | Reached XP level 11. HP: 60/66 MP: 11/11
  9738 | D:9      | Reached skill level 11 in Shields
 10210 | Lair:1   | Entered Level 1 of the Lair of Beasts
 11465 | Lair:1   | Reached skill level 12 in Shields
 12556 | Lair:2   | Reached skill level 13 in Shields
 12569 | Lair:2   | Reached XP level 12. HP: 31/72 MP: 12/12
 13381 | D:5      | Bought -2 pearl dragon scales for 1350 gold pieces
 13584 | Lair:3   | Found a hole to the Spider Nest.
 13633 | Lair:3   | Reached skill level 10 in Armour
 13660 | Lair:3   | Noticed Gastronok
 13701 | Lair:3   | Killed Gastronok
 13956 | Lair:3   | Noticed an eight-headed hydra
 14322 | Lair:3   | Reached skill level 14 in Shields
 14531 | Lair:3   | Killed an eight-headed hydra
 14893 | Lair:3   | Found a staircase to the Swamp.
 15630 | Lair:4   | Identified the +7 short sword of Accord {drain, Drain rElec
                  | rC+ Str+3}
 16113 | Lair:4   | Reached XP level 13. HP: 78/78 MP: 13/13
 16176 | Lair:4   | Reached skill level 15 in Shields
 16473 | Lair:5   | Reached skill level 5 in Dodging
 17489 | Lair:6   | Entered Level 6 of the Lair of Beasts
 17869 | Lair:5   | Reached skill level 16 in Shields
 18941 | Lair:6   | Noticed Urug
 18989 | Lair:6   | Killed Urug
 18990 | Lair:6   | Gained mutation: Your large and strong wings let you fly.
                  | [Gargoyle growth]
 18990 | Lair:6   | Reached XP level 14. HP: 65/86 MP: 14/14
 19311 | Lair:6   | Found a staircase to the Slime Pits.
 19339 | Lair:6   | Reached skill level 1 in Polearms
 19346 | Lair:6   | HP: 2/86 [acid (10)]
 19952 | Lair:6   | Found the +8 trident of the Octopus King {venom, rElec
                  | rPois Will+}
 20483 | Swamp:1  | Entered Level 1 of the Swamp
 20498 | Lair:3   | Reached skill level 17 in Shields
 20633 | D:9      | Noticed Harold
 20660 | D:9      | Killed Harold
 21027 | D:10     | Noticed Flarelocke's ghost (novice DECj)
 21095 | D:10     | Found a runed translucent gate.
 21096 | D:10     | Found a runed translucent gate.
 21096 | D:10     | Found a runed translucent gate.
 21556 | D:10     | Killed Flarelocke's ghost
 21969 | D:11     | Found a runed translucent gate.
 21972 | D:11     | Noticed Fannar
 21973 | D:11     | Found a runed translucent gate.
 21975 | D:11     | Found a runed translucent gate.
 21989 | D:11     | Killed Fannar
 22161 | D:11     | Noticed FrogKing's ghost (journeyman MiBe)
 22161 | D:11     | Noticed DemonSlayer's ghost (journeyman DsBe)
 22234 | D:11     | Found a staircase to the Orcish Mines.
 22312 | D:11     | Noticed Snorg
 22332 | D:11     | Killed Snorg
 22333 | D:11     | Reached skill level 5 in Polearms
 22994 | D:11     | Identified the -3 hat of Music {rF- Str+6}
 23130 | D:11     | Killed DemonSlayer's ghost
 23179 | D:11     | Killed FrogKing's ghost
 23189 | D:11     | Identified the +4 falchion "Embalmer" {vamp, Contam rElec
                  | rF+ rC++}
 23435 | Orc:1    | Entered Level 1 of the Orcish Mines
 24094 | Orc:1    | Noticed an orc warlord
 24111 | Orc:1    | Killed an orc warlord
 24306 | Orc:1    | Found Enomal's Assorted Antiques.
 24314 | Orc:1    | Bought a potion of might for 112 gold pieces
 24314 | Orc:1    | Bought a potion of might for 112 gold pieces
 24314 | Orc:1    | Bought a pair of embroidered gloves for 210 gold pieces
 24314 | Orc:1    | Bought a shiny tower shield for 210 gold pieces
 24457 | Orc:2    | Entered Level 2 of the Orcish Mines
 25073 | Orc:2    | Found a radiant altar of Vehumet.
 25141 | Orc:2    | Found a staircase to the Elven Halls.
 25258 | Orc:2    | Found Gyluleex's CLEARANCE SALE! EVERYTHING MUST GO!.
 25348 | Orc:2    | Reached XP level 15. HP: 74/92 MP: 15/15
 25654 | Orc:2    | Noticed an orc warlord
 25706 | Orc:2    | Killed an orc warlord
 25841 | Orc:2    | Reached skill level 10 in Fighting
 26691 | Orc:2    | Found Ibosuq's Antique Armour Boutique.
 26692 | Orc:2    | Found Feolufacw's Antique Weapon Shop.
 26694 | Orc:2    | Found Senlumib's General Store.
 26694 | Orc:2    | Found Igaathredgh's Jewellery Boutique.
 26699 | Orc:2    | Bought a potion of curing for 36 gold pieces
 26699 | Orc:2    | Bought a scroll of enchant armour for 90 gold pieces
 26709 | Orc:2    | Bought a masterwork plate armour for 980 gold pieces
 26709 | Orc:2    | Identified the +1 plate armour of Sogras {MP+9 Dex+6} (You
                  | bought it in a shop on level 2 of the Orcish Mines)
 26725 | Orc:2    | Reached skill level 18 in Shields
 26878 | Elf:1    | Entered Level 1 of the Elven Halls
 27246 | Elf:1    | Found Qiwaplan's General Store.
 27276 | Elf:1    | Bought a wand of paralysis (7) for 171 gold pieces
 28015 | Elf:1    | Noticed a deep elf sorcerer
 28023 | Elf:1    | Killed a deep elf sorcerer
 28398 | Elf:1    | Reached skill level 10 in Polearms
 28901 | Elf:1    | Paralysed by an air elemental for 1 turns
 29239 | Elf:2    | Paralysed by an air elemental for 1 turns
 29242 | Elf:2    | Noticed a Brimstone Fiend
 29246 | Elf:1    | Paralysed by an air elemental for 1 turns
 29252 | Elf:1    | Paralysed by an air elemental for 1 turns
 29781 | Swamp:1  | Reached XP level 16. HP: 17/98 MP: 16/16
 29810 | Swamp:1  | HP: 3/98 [six-headed hydra (10)]
 29812 | Swamp:1  | Mangled by a spriggan rider

Illustrated notes

Levels and vault maps discovered:
D:1:      dpeg_arrival_renting, layout_basic, minivault_14
D:2:      layout_loops_ring, minmay_joined_circles
D:3:      layout_rooms, grunt_temple_overflow_open,
          hellmonk_ecumenical_altar_run_dry
D:4:      layout_rooms
D:5:      layout_loops_ring, hellmonk_ghost_happy_afterlife, serial_shops,
          shop_fountains, minmay_shop_damaged
D:6:      layout_rooms, bloody_trog, minmay_temple_entry_drinking_statues,
          gup_ossuary_entry_pyramid
D:7:      layout_rooms, serial_shops, shop, grunt_decor_fettered
D:8:      layout_basic
D:9:      layout_loops_corners, dpeg_lair_monsters, uniq_harold, uniq_pikel
D:10:     layout_roguey, gammafunk_ghost_icy
D:11:     layout_small_grid, orc_0_dummy, gammafunk_ghost_cemetery,
          hangedman_minor_magic, uniq_fannar, uniq_snorg
Temple:   nicolae_temple_elliptical
Lair:1:   beast_lair_carwin_large_4, layout_cave_pods
Lair:2:   layout_chaotic_city, chequers_serial_rivers_room_a
Lair:3:   layout_regular_city, nicolae_swamp_entry_splash_gauntlet,
          spider_nest_entry_web_field, serial_bayou_shore_b, uniq_gastronok
Lair:4:   layout_loops_ring, serial_bayou_shore_b
Lair:5:   layout_small_grid, nicolae_quartered_pool_little, st_stairs_11
Lair:6:   gammafunk_lair_ancient_temple, layout_long_grid,
          minmay_slime_entry_oklob_open, chequers_serial_rivers_room_b,
          uniq_urug
Swamp:1:  layout_basic_swamp, nicolae_swamp_treefoil, infiniplex_staircase_pool,
          uniq_aizul
Orc:1:    layout_diamond_mine, serial_shops, nicolae_shop_statue_plus
Orc:2:    st_orc_congregation, layout_caves, basic_altar, nicolae_shop_clearance
Elf:1:    minmay_elf_arrival_summoners, layout_rooms, serial_shops,
          nicolae_shop_waterfront, hangedman_elf_disciples
Elf:2:    nicolae_elf_blades_crystal_corner, layout_geoelf_diagonals,
          mu_enter_wizlab_2

Skill      XL: |  1  2  3  4  5  6  7  8  9 10 11 12 13 14 15 |
---------------+----------------------------------------------+-----
Armour         | 4 5 6 7 8 9 10 11 | 11.7
Short Blades   | 1 2 4 5 6 7 8 9 |  9.3
Fighting       | 4 5 6 7 8 9 10 | 10.4
Shields        | 4 5 6 8 10 13 14 16 17 18 | 18.6
Dodging        | 1 2 3 4 5 6 |  6.8
Polearms       | 7 10 | 10.4
Maces & Flails | |  2.0

Action                   |  1- 3 |  4- 6 |  7- 9 | 10-12 | 13-15 | 16-18 || total
-------------------------+-------+-------+-------+-------+-------+-------++-------
Melee: Dagger            |    80 |   207 |   466 |  1308 |   859 |       ||  2920
       Flail             |     5 |       |       |       |       |       ||     5
       Trident           |       |       |       |       |  1282 |       ||  1282
       Demon trident     |       |       |       |       |    63 |       ||    63
Throw: Throwing net      |       |       |       |       |     2 |       ||     2
Evoke: Wand              |       |       |       |     1 |       |       ||     1
  Use: Scroll            |       |     5 |     9 |     6 |    14 |       ||    34
       Potion            |       |     2 |     8 |     8 |    20 |       ||    38
 Stab: Distracted        |       |       |       |     2 |     8 |       ||    10
       Confused          |       |       |       |       |     2 |       ||     2
       Held in net/web   |       |       |       |       |     1 |       ||     1
Armor: Scale mail        |    47 |   119 |    54 |       |       |       ||   220
       Plate armour      |       |       |    31 |   201 |       |       ||   232
       Pearl dragon scal |       |       |       |    71 |   476 |    11 ||   558
Dodge: Dodged            |    26 |    70 |    96 |   319 |   707 |     9 ||  1227
Block: Kite shield       |    41 |   119 |   238 |   932 |  1103 |       ||  2433
       Reflection        |       |       |    12 |     3 |    64 |       ||    79
       Tower shield      |       |       |       |       |  1018 |    31 ||  1049
